 Dungeon Crawl Stone Soup version 0.27.1 (webtiles) character file.

Game seed: 5833963835862190595

108 Malachi the Cutter (level 4, 0/51 HPs)
             Began as a Vampire Gladiator on Aug 24, 2021.
             Succumbed to a goblin's poison
             ... on level 2 of the Dungeon.
             The game lasted 00:02:38 (2082 turns).

Malachi the Cutter (Vampire Gladiator)              Turns: 2082, Time: 00:02:38

Health: 0/51       AC: 22    Str: 13    XL:     4   Next: 58%
Magic:  4/4        EV:  2    Int: 10    God:
Gold:   146        SH:  4    Dex: 16    Spells: 3/3 levels left

rFire    . . .     SeeInvis +   a - +0 rapier
rCold    . . .     Faith    .   g - +0 buckler
rNeg     + + +     Spirit   .   (armour currently unavailable)
rPois    +         Reflect  .   (helmet currently unavailable)
rElec    .         Harm     .   (cloak currently unavailable)
rCorr    .         Rampage  .   (gloves currently unavailable)
Will     .....     NoTele   +   (boots currently unavailable)
Stlth    +.........             (no amulet)
HPRegen  0.37/turn              (no ring)
MPRegen  0.09/turn              (no ring)

@: lethally poisoned (0 -> -2), tree-form, healing quickly
A: stationary, stasis, torment immunity, boosted hp, alive, (fangs 3), see
invisible, vampiric 2, (iridescent scales 1), inability to read while threatened
a: Exsanguinate


You were on level 2 of the Dungeon.
You were a tree.
You visited 1 branch of the dungeon, and saw 3 of its levels.

You collected 146 gold pieces.

Inventory:

Hand Weapons
 a - a +0 rapier (weapon)
Missiles
 d - 3 throwing nets (quivered)
Armour
 b - a +0 leather armour (melded)
 c - a +0 helmet (melded)
 e - a +0 pair of gloves (melded)
 g - a +0 buckler (worn)
Scrolls
 f - a scroll of teleportation
 h - 2 scrolls of torment {unknown}
 k - a scroll of summoning {unknown}
 m - a scroll of identify {unknown}
 n - a scroll of enchant weapon {unknown}


   Skills:
 + Level 2.5 Fighting
 + Level 4.8 Short Blades
 - Level 1.6 Throwing
 - Level 3.6 Dodging
 * Level 1.2 Shields


You had 3 spell levels left.
You didn't know any spells.
Your spell library contained the following spells:

 Spells                   Type           Power      Damage    Failure   Level
 Foxfire                  Conj/Fire      0%         2x1d4     47%         1
 Conjure Flame            Conj/Fire      0%         6-21      85%         3
 Inner Flame              Hex/Fire       0%         N/A       85%         3


Dungeon Overview and Level Annotations

Branches:
Dungeon (3/15)

Altars:


Innate Abilities, Weirdness & Mutations

You are a tree.
Your roots penetrate the ground, keeping you stationary.
You cannot be teleported.
You are immune to unholy pain and torment.
Your maximum health is greatly increased.
Your equipment is partially melded.
Your natural rate of healing is accelerated.
((You have razor-sharp teeth.))
You have supernaturally acute eyesight. (SInv)
You are afflicted with vampirism and can become a bat while bloodless.
((You are partially covered in iridescent scales. (AC +2)))
You sometimes lose the ability to read scrolls when taking damage.


Message History

There is an open door here.
It was a potion of flight.
You feel very buoyant.
You fly up into the air.
* * * LOW HITPOINT WARNING * * *
You feel sick. The hobgoblin hits you.
* * * LOW HITPOINT WARNING * * *
It was a potion of mutation.
You feel extremely strange.
You lose the ability to read scrolls when threatened.
Iridescent scales grow over part of your body.
* * * LOW HITPOINT WARNING * * *
You feel very sick. The hobgoblin hits you.
* * * LOW HITPOINT WARNING * * *
It was a potion of lignification.
You turn into a tree.
Your +0 helmet melds into your body.
Your +0 pair of gloves melds into your body.
Your +0 leather armour melds into your body.
Your roots penetrate the ground.
* * * LOW HITPOINT WARNING * * *
You feel sick.
The hobgoblin hits you but does no damage.
You hit the hobgoblin.
You kill the hobgoblin!
* * * LOW HITPOINT WARNING * * *
You feel sick.
You barely miss the goblin.
* * * LOW HITPOINT WARNING * * *
You feel sick. The goblin hits you but does no damage.
Unknown command.
You hit the goblin but do no damage.
* * * LOW HITPOINT WARNING * * *
You feel sick. The goblin hits you with a +0 dagger.
* * * LOW HITPOINT WARNING * * *
Unknown command.
You aren't carrying any potions.
Unknown command.
As you read the scroll labelled PIGOCK PEROAC, it crumbles to dust.
You feel a strange sense of stasis.
It was a scroll of teleportation.
You die...

#......# #......#
### ##......#....
..........#
.####).#.## ##
###......#. .## #
#....####' ###..#
#...## #...#.##.##
#...# +...)gg♣..#
##...## #...#g##..#
#.....####' ###...#
##.##....#. #.....#
#..##.##.##
##.##.##
...##.##..###.....#
##..............###
..).............#
..........#######


You could see 3 goblins.

Vanquished Creatures
  A hound skeleton (D:2)
  3 adders
  2 dart slugs
  8 endoplasms
  2 giant cockroaches
  15 hobgoblins
  A quokka (D:1)
  6 ball pythons
  3 bats
  2 frilled lizards
  7 goblins
  7 kobolds
  4 rats
61 creatures vanquished.

Notes
Turn   | Place    | Note
-------+----------+-------------------------------------------
     0 | D:1      | Malachi the Vampire Gladiator began the quest for the Orb.
     0 | D:1      | Reached XP level 1. HP: 16/16 MP: 1/1
   214 | D:1      | Reached XP level 2. HP: 22/22 MP: 2/2
   952 | D:2      | Reached skill level 4 in Short Blades
   952 | D:2      | Gained mutation: You are afflicted with vampirism and can
                  | become a bat while bloodless. [Vampire growth]
   952 | D:2      | Reached XP level 3. HP: 11/27 MP: 3/3
  1249 | D:2      | Reached skill level 1 in Shields
  1297 | D:3      | Reached XP level 4. HP: 24/33 MP: 4/4
  2077 | D:2      | Gained mutation: You sometimes lose the ability to read
                  | scrolls when taking damage. [potion of mutation]
  2077 | D:2      | Gained mutation: You are partially covered in iridescent
                  | scales. (AC +2) [potion of mutation]
  2081 | D:2      | HP: 2/51 [poisoned by a goblin]
  2082 | D:2      | Succumbed to a goblin's poison

Illustrated notes

Levels and vault maps discovered:
D:1:      nicolae_arrival_washed_ashore, layout_basic, serial_curves,
          eino_curves_02, eino_curves_02
D:2:      cheibrodos_greedy_goblins, layout_rooms, uniq_crazy_yiuf_cottage
D:3:      layout_basic, grunt_ministairs_4, st_stairs_13, uniq_terence

Skill      XL: |  1  2  3 |
---------------+----------+-----
Fighting       | 2 |  2.5
Short Blades   | 4 |  4.8
Shields        | 1 |  1.2
Throwing       | |  1.6
Dodging        | |  3.6

Action                   |  1- 3 |  4- 6 || total
-------------------------+-------+-------++-------
Melee: Rapier            |    97 |    74 ||   171
       Bite              |    11 |     6 ||    17
  Use: Potion            |     1 |     3 ||     4
       Scroll            |       |     1 ||     1
 Stab: Sleeping          |     2 |     1 ||     3
Armor: Leather armour    |    35 |    16 ||    51
       Skin              |       |     2 ||     2
Dodge: Dodged            |    84 |    46 ||   130
Block: Buckler           |    15 |    18 ||    33
